Map: Daybreak LE (Void)

Players

MarineLorD - Winner!

  • Race: Terran Terran
  • Spawn Location: 1:00

harstem

  • Race: Protoss Protoss
  • Spawn Location: 7:00

Event: WESG 2016 Finals

VOD

Have the link to the VOD?

Description

Time

  • Played on: Jan. 12, 2017, 4:53 a.m.
  • Length: 14:59

All games in this series

Show
View Real Time Build Order
Export as new Build Order

MarineLorD Terran - Winner!

Build Orders: Reaper Expand, MMM Bio 

Get SALT Encoding   

  12  0:00  SCV  
  13  0:12  SCV  
  14  0:17  Supply Depot  
  14  0:24  SCV  
  15  0:39  SCV  
  15  0:41  Barracks  
  16  0:46  Refinery  
  16  0:51  SCV  
  17  1:03  SCV  
  18  1:15  SCV  
  19  1:27  Orbital Command  
  19  1:28  Reaper  
  20  1:42  Command Center  
  20  1:52  Supply Depot  
  20  1:55  SCV  
  20  2:00  Barracks Reactor  
  21  2:07  SCV  
  22  2:11  Barracks  
  22  2:19  SCV  
  23  2:31  SCV  
  23  2:36  Marine x2  
  26  2:43  SCV  
  27  2:54  Orbital Command  
  27  2:55  SCV  
  27  2:56  Marine x2  
  30  2:59  Barracks Tech Lab  
  30  3:06  Command Center  
  30  3:07  SCV  
  31  3:13  Marine  
  31  3:14  Marine  
  31  3:17  Marine  
  31  3:19  Stimpack  
  34  3:20  SCV  
  34  3:24  SCV  
  36  3:29  Engineering Bay  
  36  3:32  Marine x2  
  36  3:33  SCV  
  39  3:36  SCV  
  39  3:37  Marine  
  39  3:40  Supply Depot  
  41  3:45  SCV  
  41  3:48  SCV  
  43  3:51  Factory  
  43  3:53  Marine x2  
  43  3:55  Marine  
  46  4:00  SCV  
  46  4:07  Missile Turret  
  46  4:10  SCV  
  46  4:13  SCV  
  46  4:16  Marine  
  45  4:21  Terran Infantry Weapons Level 1  
  45  4:22  SCV  
  46  4:25  SCV  
  46  4:26  Orbital Command  
  46  4:30  Refinery  
  47  4:31  Marine  
  47  4:32  Marine  
  47  4:34  Marine  
  47  4:36  SCV  
  52  4:38  SCV  
  52  4:46  Refinery  
  52  4:48  SCV  
  52  4:49  Marine  
  52  4:50  Marine, SCV  
  52  4:51  Marine  
  56  5:01  Factory Reactor  
  56  5:02  SCV x3  
  56  5:04  Starport  
  56  5:08  Marine  
  56  5:13  Missile Turret  
  56  5:14  SCV x2  
  56  5:18  Marine x2  
  56  5:19  Combat Shields  
  60  5:22  Barracks  
  60  5:26  SCV  
  60  5:27  SCV  
  62  5:35  Orbital Command  
  62  5:36  Supply Depot  
  62  5:38  Supply Depot  
  62  5:39  Marine x2, SCV x2, Marauder  
  68  5:49  Factory Reactor  
  68  5:51  SCV  
  68  5:52  Medivac  
  69  5:57  SCV, Medivac  
  69  5:58  Marine x2  
  69  6:03  SCV  
  75  6:05  Barracks, SCV  
  75  6:06  Barracks  
  75  6:07  Refinery  
  75  6:09  SCV  
  75  6:10  Barracks Tech Lab  
  77  6:13  Marine  
  77  6:15  SCV, Terran Infantry Armor Level 1  
  77  6:18  SCV  
  80  6:20  Missile Turret  
  80  6:21  Marine x2  
  80  6:25  Medivac  
  84  6:33  Supply Depot x2  
  84  6:34  SCV  
  84  6:36  SCV, Medivac  
  84  6:39  Marauder x2  
  91  6:40  Widow Mine  
  93  6:54  Marine x2, SCV x2, Widow Mine  
  93  7:00  Barracks Tech Lab, Barracks Reactor  
  93  7:01  Supply Depot x2  
  99  7:04  SCV  
  99  7:05  Refinery  
  99  7:06  SCV x2  
  102  7:10  Bunker  
  102  7:11  Concussive Shells  
  102  7:13  Widow Mine  
  104  7:17  SCV  
  104  7:18  SCV x2  
  104  7:20  Refinery  
  104  7:22  Widow Mine  
  107  7:24  Supply Depot  
  107  7:25  Supply Depot  
  107  7:27  Marauder, Armory  
  107  7:28  Engineering Bay  
  107  7:29  Marauder  
  113  7:32  SCV  
  114  7:41  Marauder, Widow Mine  
  114  7:42  Marine x2, SCV  
  114  7:43  Marine  
  114  7:44  Marine  
  123  7:46  SCV  
  123  7:50  Medivac x2  
  123  7:51  Widow Mine  
  130  8:02  Marine  
  130  8:03  Marauder  
  131  8:08  Marauder  
  131  8:10  Widow Mine  
  131  8:11  Starport  
  134  8:17  Marine x3  
  134  8:19  Widow Mine  
  139  8:23  Supply Depot  
  139  8:24  Supply Depot, Terran Infantry Weapons Level 2  
  139  8:26  Terran Infantry Armor Level 2  
  139  8:32  Marauder  
  139  8:34  Marine  
  141  8:37  Liberator  
  141  8:39  Liberator  
  141  8:42  Supply Depot  
  141  8:43  Supply Depot  
  141  8:46  Marine  
  141  8:47  Marauder  
  144  8:50  Marine x2  
  144  8:51  Marauder  
  144  8:55  Starport Reactor  
  151  8:59  Terran Ship Weapons Level 1  
  151  9:02  Marauder  
  156  9:06  Marine  
  156  9:08  Marauder  
  159  9:12  Marauder  
  159  9:16  Marine x2  
  160  9:17  Marine  
  160  9:22  Liberator x2  
  160  9:23  Marauder  
  154  9:30  Marauder  
  154  9:32  Marine  
  154  9:33  Marauder  
  154  9:35  Marine  
  145  9:44  Marauder  
  149  9:47  Marine  
  149  9:51  Marauder  
  152  9:55  Marauder  
  152  9:59  Command Center  
  154  10:04  Marine, Supply Depot  
  154  10:05  Marine  
  154  10:06  Marauder, Marine  
  159  10:09  Marine  
  159  10:12  Marauder  
  162  10:16  Marauder  
  160  10:22  Marine  
  160  10:23  Marine  
  160  10:24  Marine  
  160  10:27  Marine, Marauder  
  155  10:34  Marauder, Medivac x2  
  144  10:37  Marine  
  144  10:40  Marine  
  144  10:41  Marine  
  144  10:42  Marine  
  144  10:45  Marine, Medivac x2  
  144  10:48  Terran Infantry Armor Level 3, Terran Infantry Weapons Level 3  
  144  10:49  Marauder  
  150  10:55  Marauder x2  
  145  10:58  Marine  
  145  10:59  Marine  
  140  11:07  Barracks  
  140  11:10  Barracks, Marauder, Medivac x2  
  140  11:11  Barracks  
  146  11:14  Marine  
  146  11:15  Medivac  
  146  11:17  Marauder x2, Marine  
  154  11:18  Liberator  
  154  11:22  Marine x2  
  154  11:23  Liberator  
  156  11:31  Marauder  
  156  11:32  Marine  
  157  11:35  Marine  
  157  11:38  Marauder x2  
  165  11:40  Marine  
  168  11:49  Marine  
  168  11:53  Marauder  
  171  11:57  Marine  
  171  11:59  Marauder  
  171  12:00  Marauder  
  163  12:10  Marine  
  163  12:12  Viking x2  
  163  12:14  Marine, Marauder  
  167  12:21  Marauder x2  
  160  12:25  Liberator x2  
  160  12:28  Marine x2  
  160  12:29  Viking x2  
  159  12:35  Marauder  
  158  12:37  Barracks Tech Lab x3  
  158  12:42  Marauder x2  
  168  12:57  Marauder  
  170  13:00  Marine x2, Marauder  
  170  13:02  Planetary Fortress  
  170  13:03  Marauder  
  170  13:04  Missile Turret  
  170  13:05  Marauder  
  176  13:07  Command Center  
  176  13:12  Marauder  
  175  13:17  Viking  
  173  13:27  Marine x2, Marauder  
  173  13:28  Marauder  
  173  13:30  Marine  
  173  13:32  Marauder  
  178  13:36  Marine  
  178  13:37  Marauder  
  167  13:43  Marauder  
  167  13:45  Marauder  
  161  13:56  Marine x2, Marauder  
  161  13:57  Marine, Marauder  
  162  14:04  SCV  
  162  14:06  SCV x2  
  165  14:11  Marine x2  
  165  14:12  Marauder  
  165  14:14  Marauder  
  171  14:17  Medivac  
  171  14:19  Medivac  
  171  14:22  Medivac  
  177  14:27  Marauder  
  178  14:32  Marauder  
  178  14:34  Marine  
  178  14:38  Marauder  
  177  14:41  Marine  
Show
View Real Time Build Order
Export as new Build Order

harstem Protoss 

Build Orders: 1 Gate Expand, Oracle Opening 

Get SALT Encoding   

  12  0:00  Probe (Chrono Boost)  
  13  0:11  Probe (Chrono Boost)  
  14  0:17  Pylon  
  14  0:22  Probe (Chrono Boost)  
  15  0:36  Probe (Chrono Boost)  
  15  0:37  Gateway  
  16  0:46  Probe (Chrono Boost)  
  16  0:48  Assimilator  
  18  0:57  Probe (Chrono Boost)  
  18  1:07  Probe (Chrono Boost)  
  19  1:18  Probe (Chrono Boost)  
  20  1:27  Nexus  
  20  1:36  Cybernetics Core  
  20  1:42  Probe (Chrono Boost)  
  21  1:47  Assimilator  
  21  1:53  Probe (Chrono Boost)  
  22  1:56  Pylon  
  22  2:03  Probe (Chrono Boost)  
  23  2:10  Adept  
  26  2:16  Probe (Chrono Boost)  
  26  2:18  Stargate  
  26  2:26  Warp Gate  
  26  2:28  Probe (Chrono Boost)  
  27  2:34  Adept  
  27  2:40  Probe (Chrono Boost)  
  27  2:41  Probe (Chrono Boost)  
  32  2:52  Probe x2 (Chrono Boost)  
  32  2:56  Oracle  
  33  3:02  Probe (Chrono Boost)  
  33  3:05  Adept  
  39  3:08  Probe (Chrono Boost)  
  40  3:13  Probe (Chrono Boost)  
  42  3:20  Probe (Chrono Boost)  
  42  3:23  Probe (Chrono Boost)  
  43  3:27  Pylon  
  43  3:32  Probe (Chrono Boost)  
  45  3:34  Probe (Chrono Boost)  
  45  3:40  Oracle  
  45  3:44  Probe (Chrono Boost)  
  45  3:46  Probe (Chrono Boost)  
  50  3:58  Probe (Chrono Boost)  
  50  4:01  Probe (Chrono Boost)  
  51  4:03  Nexus  
  53  4:11  Mothership Core (Chrono Boost)  
  53  4:12  Probe (Chrono Boost)  
  54  4:20  Gateway  
  54  4:21  Gateway  
  54  4:24  Pylon  
  54  4:27  Assimilator  
  54  4:29  Assimilator  
  54  4:33  Robotics Facility  
  54  4:38  Pylon  
  54  4:42  Probe x2 (Chrono Boost)  
  58  4:53  Probe x2 (Chrono Boost)  
  58  4:58  Sentry  
  59  5:03  Probe x2 (Chrono Boost)  
  61  5:14  Probe x2 (Chrono Boost)  
  63  5:15  Immortal  
  63  5:17  Probe (Chrono Boost)  
  63  5:18  Forge  
  63  5:20  Forge  
  68  5:24  Probe (Chrono Boost)  
  68  5:26  Probe (Chrono Boost)  
  68  5:27  Probe (Chrono Boost)  
  68  5:28  Robotics Bay  
  71  5:29  Pylon  
  71  5:33  Phoenix  
  71  5:35  Probe (Chrono Boost)  
  74  5:37  Pylon  
  74  5:38  Probe x2 (Chrono Boost)  
  76  5:45  Probe (Chrono Boost)  
  76  5:46  Pylon  
  76  5:48  Probe (Chrono Boost)  
  79  5:51  Probe (Chrono Boost)  
  79  5:56  Oracle, Stalker, Adept x2  
  85  5:58  Probe (Chrono Boost)  
  86  6:04  Protoss Ground Armor Level 1  
  86  6:06  Protoss Ground Weapons Level 1  
  86  6:09  Probe (Chrono Boost)  
  86  6:10  Probe (Chrono Boost)  
  88  6:12  Probe (Chrono Boost)  
  88  6:13  Pylon  
  88  6:16  Colossus  
  89  6:22  Gateway  
  95  6:27  Gateway  
  95  6:28  Gateway  
  95  6:31  Probe (Chrono Boost)  
  95  6:32  Probe (Chrono Boost)  
  97  6:33  Assimilator  
  97  6:45  Probe (Chrono Boost)  
  98  6:48  Stalker x2  
  98  6:50  Extended Thermal Lance  
  98  6:51  Probe (Chrono Boost)  
  98  6:52  Probe (Chrono Boost), Assimilator  
  104  7:00  Probe (Chrono Boost)  
  105  7:01  Probe (Chrono Boost)  
  105  7:05  Colossus, Pylon  
  105  7:06  Probe (Chrono Boost)  
  105  7:08  Pylon  
  107  7:12  Photon Cannon x2  
  113  7:24  Twilight Council, Pylon  
  113  7:26  Stalker x3, Pylon  
  119  7:32  Stalker x2  
  123  7:39  Stalker  
  125  7:44  Pylon  
  125  7:48  Pylon  
  125  7:50  Stalker x3, Pylon  
  131  7:54  Colossus  
  137  8:07  Protoss Ground Armor Level 2  
  135  8:16  Probe (Chrono Boost)  
  135  8:17  Pylon  
  135  8:18  Adept  
  138  8:22  Protoss Ground Weapons Level 2  
  138  8:33  Adept x3  
  144  8:36  Nexus  
  144  8:38  Pylon  
  144  8:41  Stalker x2  
  144  8:42  Stalker  
  150  8:50  Photon Cannon  
  150  8:52  Disruptor  
  151  8:56  Probe (Chrono Boost), Blink  
  154  9:06  Stalker x2  
  156  9:12  Stalker x4  
  146  9:36  Probe (Chrono Boost)  
  144  9:43  Stalker x5  
  152  9:50  Nexus  
  152  9:52  Mothership Core (Chrono Boost)  
  154  9:58  Disruptor  
  157  10:01  Phoenix  
  157  10:02  Probe (Chrono Boost)  
  157  10:04  Pylon  
  157  10:07  Stalker x2, Pylon  
  160  10:12  Probe (Chrono Boost)  
  165  10:15  Probe (Chrono Boost)  
  165  10:16  Probe (Chrono Boost)  
  165  10:17  Adept x3  
  165  10:35  Stalker x3  
  163  10:37  Stalker x3  
  165  10:45  Pylon  
  165  10:48  Pylon  
  163  10:50  Cybernetics Core  
  163  10:52  Probe (Chrono Boost)  
  163  10:53  Pylon  
  156  11:01  Protoss Ground Armor Level 3  
  156  11:02  Photon Cannon  
  157  11:04  Probe (Chrono Boost)  
  157  11:05  Probe x2 (Chrono Boost), Assimilator, Pylon  
  157  11:09  Photon Cannon  
  157  11:10  Disruptor  
  158  11:17  Probe x2 (Chrono Boost)  
  160  11:19  Assimilator, Probe (Chrono Boost)  
  161  11:26  Assimilator  
  161  11:42  Adept x6  
  168  12:00  Protoss Ground Weapons Level 3  
  160  12:03  Stalker x2  
  150  12:12  Stalker x4  
  139  12:34  Stalker x2  
  139  12:35  Colossus  
  134  12:37  Stalker x4  
  134  12:40  Probe (Chrono Boost)  
  134  12:42  Probe (Chrono Boost)  
  134  12:43  Pylon  
  138  12:45  Pylon  
  138  12:46  Probe (Chrono Boost)  
  138  12:48  Gateway  
  138  12:50  Gateway  
  140  12:52  Mothership Core (Chrono Boost)  
  140  12:53  Probe (Chrono Boost)  
  140  12:56  Photon Cannon  
  140  12:58  Photon Cannon  
  142  13:00  Photon Cannon  
  142  13:01  Probe (Chrono Boost)  
  142  13:02  Photon Cannon  
  142  13:04  Photon Cannon  
  143  13:08  Pylon  
  141  13:13  Stalker x4  
  147  13:20  Assimilator  
  147  13:26  Adept x2  
  133  13:41  Stalker  
  133  13:42  Stalker x3  
  131  13:49  Probe (Chrono Boost)  
  131  13:50  Probe (Chrono Boost)  
  131  13:55  Stalker x2  
  135  14:00  Probe x2 (Chrono Boost)  
  135  14:01  Pylon  
  140  14:02  Probe (Chrono Boost)  
  140  14:03  Pylon  
  140  14:07  Pylon  
  140  14:10  Pylon  
  140  14:11  Probe (Chrono Boost)  
  140  14:16  Probe (Chrono Boost)  
  142  14:20  Stalker x5  
  140  14:43  Adept x2  
  140  14:44  Adept x6  
Tags
 
Add a new tag
Caveats
  • Supply blocks, unpowered buildings, or Contaminate may cause inaccurate times.
  • Supply counts are checked every 10 seconds.